 Dungeon Crawl Stone Soup version 0.21.0-25-ge575cb9 (webtiles) character file.

27111 loralnil the Blocker (level 13, -18/126 HPs)
             Began as a Minotaur Fighter on Jan 25, 2018.
             Was an Elder of Yredelemnul.
             Killed from afar by a deep elf mage (26 damage)
             ... with a bolt of lightning
             ... on level 13 of the Dungeon.
             The game lasted 00:27:49 (11520 turns).

loralnil the Blocker (Minotaur Fighter)            Turns: 11520, Time: 00:27:50

Health: -18/126    AC: 15    Str: 24    XL:     13   Next: 2%
Magic:  0/12       EV:  7    Int:  8    God:    Yredelemnul [****..]
Gold:   692        SH: 17    Dex: 11    Spells: 12/12 levels left

rFire    x . .     SeeInvis .   n - +4 war axe (vamp)
rCold    + . .     Gourm    +   c - +4 shield
rNeg     + + .     Faith    .   t - +0 plate armour
rPois    .         Spirit   +   a - +2 hat
rElec    .         Reflect  .   g - scarf {Spirit}
rCorr    .         Harm     .   (no gloves)
MR       ++...                  B - +0 pair of boots
Stlth    ..........             I - amulet "Roan Nups" {Gourm *Drain rF- rN++ MR+}
HPRegen  0.31/turn              i - ring of protection from magic
MPRegen  0.13/turn              C - +2 ring of intelligence

@: very slightly contaminated
A: retaliatory headbutt, horns 2, rugged brown scales 1, cold resistance 1,
deformed body
a: Recall Undead Slaves, Injury Mirror, Animate Dead, Drain Life, Renounce
Religion


You were on level 13 of the Dungeon.
You worshipped Yredelemnul.
Yredelemnul was greatly pleased with you.
You were completely stuffed.

You visited 2 branches of the dungeon, and saw 13 of its levels.
You also visited: Bailey.

You collected 692 gold pieces.

Inventory:

Hand Weapons
 n - a +4 vampiric war axe (weapon)
 F - a +1 hand axe of flaming
Armour
 a - a +2 hat (worn)
 c - a +4 shield (worn)
 g - a scarf of spirit shield (worn)
 t - a +0 plate armour (worn)
 B - a +0 pair of boots (worn)
Jewellery
 i - a ring of protection from magic (left hand)
 u - a +4 amulet of reflection
 C - a +2 ring of intelligence (right hand)
 D - an uncursed amulet of rage
 I - the amulet "Roan Nups" (around neck) {Gourm *Drain rF- rN++ MR+}
   (You found it in a bailey)

   [amulet of the gourmand]

   It allows you to eat raw meat even when not hungry.
   It makes you vulnerable to fire.
   It greatly protects you from negative energy.
   It affects your resistance to hostile enchantments.
   It causes draining when unequipped.
Wands
 m - a wand of iceblast (21)
 o - a wand of random effects (64)
 v - a wand of polymorph (12)
 x - a wand of disintegration (6)
Scrolls
 b - a scroll of noise
 e - 4 scrolls of blinking
 h - 4 scrolls of remove curse
 r - 4 scrolls of amnesia
 s - 5 scrolls of magic mapping
 y - 6 scrolls of teleportation
 H - a scroll of vulnerability {unknown}
 J - a scroll of random uselessness {unknown}
 K - a scroll of enchant armour
Potions
 d - 3 potions of might
 j - a potion of invisibility
 k - 3 potions of agility
 l - a potion of berserk rage
 p - a potion of magic {unknown}
 q - 2 potions of curing
 w - 2 potions of lignification
 z - a potion of haste
 A - 2 potions of brilliance
 E - a potion of experience {unknown}
 G - a potion of flight {unknown}
Comestibles
 f - 23 rations
 L - a chunk of flesh


   Skills:
 + Level 13.7 Fighting
 + Level 13.6 Axes
 - Level 12.0 Armour
 + Level 13.8 Shields


You had 12 spell levels left.
You didn't know any spells.

Dungeon Overview and Level Annotations

Branches:
Dungeon (13/15)            Temple (1/1) D:6            Lair (0/6) D:8
    Orc (0/2) D:9
 Vaults: D:13-14

Altars:
Ashenzari
Gozag
Hepliaklqana
Nemelex Xobeh
Qazlal
Ru
Xom
Yredelemnul
The Shining One

Shops:
D:9 (

Annotations:
D:7 1 runed door


Innate Abilities, Weirdness & Mutations

You reflexively headbutt those who attack you in melee.
You have a pair of horns on your head.
You are partially covered in rugged brown scales. (AC +1, +3% HP)
Your flesh is cold resistant. (rC+)
Armour fits poorly on your strangely shaped body.


Message History

The deep elf mage hits you with a short sword.
* * * LOW HITPOINT WARNING * * *
You miss the deep elf mage.
The deep elf mage is almost dead.
You hit the deep elf mage.
The yaktaur shoots a bolt.
You block the bolt.
The deep elf mage gestures at you while chanting.
The stone arrow hits you!
* * * LOW HITPOINT WARNING * * *
Okay, then.
Blink to where?
Press: ? - help, Dir - move target cursor You are very lightly contaminated with residual magic.
As you read the scroll of blinking, it crumbles to dust.
Items here: ( ))) [ †
Items here: ( ))) [[ You see here a bolt.
The deep elf mage gestures at you while chanting.
The bolt of lightning hits you!
You die...
Your body rises from the dead as a mindless zombie.

......# .##.)# . # #.#
####### .. #..# .. #.#
#####e.# #############.##
#.##.).# #...............
#.())### #.#####.#####.##
#.#### #.# #.# #.# #.#
#.# #.# #.# #e########.#
#.# #.#
#..e....@..#####.#####.##
#.########...........†...
#.# #..........##### #.#
#..........# #.#
#......†...# #.#
#..........# #.#
#..........# #.#
#..........# #.#
#......<...#


You could see 2 deep elf magi.

Vanquished Creatures
  An orc warlord (Bailey)
  2 hydras
  2 centaur warriors (D:13)
  4 two-headed ogres
  A deep elf knight (D:13)
  A skeletal warrior (D:13)
  An unseen horror (D:12)
  Pikel (D:5)
  The ghost of Tiamon the Cleaver, a novice MiFi (D:6)
  2 orc knights
  A deep elf mage (D:13)
  2 cyclopes
  4 ugly things
  Maurice (D:8)
  2 yaktaurs (D:13)
  A troll (D:11)
  A hornet (D:13)
  2 dream sheep (D:8)
  Grinder (D:5)
  3 hippogriffs
  Eustachio (D:4)
  2 basilisks
  3 wyverns
  2 vampires (D:9)
  18 yaks
  A hungry ghost (D:7)
  Menkaure (D:5)
  7 orc warriors
  Duvessa (D:4)
  A slave (D:5)
  A sky beast (D:6)
  A black bear (D:11)
  An eye of draining (D:9)
  A hornet zombie (D:9)
  2 phantoms
  6 ogres
  10 centaurs
  3 crocodiles
  Blork the orc (D:4)
  4 big kobolds
  5 bullfrogs
  A wyvern zombie (D:8)
  Dowan (D:4)
  7 scorpions
  A wyvern skeleton (D:13)
  11 killer bees (D:9)
  3 wights (D:9)
  4 crimson imps
  A bullfrog zombie (D:11)
  2 hounds
  2 quasits
  4 jellies
  5 orc priests
  2 bullfrog skeletons
  Crazy Yiuf (D:4)
  3 iguanas
  13 orc wizards
  8 centaur skeletons
  11 worker ants
  2 worker ant zombies (D:11)
  6 gnolls
  11 adders
  2 oozes (D:3)
  An adder skeleton (D:9)
  2 worms
  3 dart slugs
  2 leopard geckos
  48 orcs
  9 giant cockroaches
  12 goblins
  7 hobgoblins
  18 jackals
  16 kobolds
  4 quokkas
  A ball python (D:1)
  10 bats
  3 frilled lizards
  A quokka skeleton (D:6)
  4 rats
  A butterfly (D:7)
  A fungus (D:8)
350 creatures vanquished.

Vanquished Creatures (collateral kills)
  A yak (D:11)
1 creature vanquished.

Vanquished Creatures (others)
  A centaur (D:9)
  7 kobolds (Bailey)
  A fungus (D:8)
  3 plants (D:9)
12 creatures vanquished.

Grand Total: 363 creatures vanquished

Notes
Turn   | Place    | Note
-------+----------+-------------------------------------------
     0 | D:1      | loralnil the Minotaur Fighter began the quest for the Orb.
     0 | D:1      | Reached XP level 1. HP: 19/19 MP: 0/0
   303 | D:1      | Reached XP level 2. HP: 23/27 MP: 1/1
  1119 | D:2      | Reached XP level 3. HP: 33/33 MP: 2/2
  1723 | D:3      | Reached XP level 4. HP: 40/40 MP: 3/3
  2362 | D:4      | Noticed Duvessa
  2363 | D:4      | Noticed Dowan
  2573 | D:4      | Killed Duvessa
  2573 | D:4      | Reached XP level 5. HP: 29/47 MP: 2/4
  2578 | D:4      | Killed Dowan
  2578 | D:4      | Reached skill level 5 in Fighting
  2578 | D:4      | Reached skill level 5 in Armour
  2578 | D:4      | Reached skill level 5 in Shields
  2832 | D:4      | Noticed a phantom
  2850 | D:4      | Reached XP level 6. HP: 53/56 MP: 5/5
  3050 | D:4      | Noticed Eustachio
  3702 | D:4      | Noticed Blork the orc
  3718 | D:4      | Killed Blork the orc
  3718 | D:4      | Reached skill level 5 in Axes
  3718 | D:4      | Reached XP level 7. HP: 48/62 MP: 6/6
  3768 | D:4      | Killed Eustachio
  3917 | D:4      | Found a runed door.
  3921 | D:4      | Noticed Crazy Yiuf
  3934 | D:4      | Killed Crazy Yiuf
  3977 | D:4      | Found a glowing golden altar of the Shining One.
  3978 | D:4      | Found a shimmering altar of Xom.
  4174 | D:5      | Entered Level 5 of the Dungeon
  4235 | D:5      | Reached XP level 8. HP: 51/71 MP: 7/7
  4479 | D:5      | Noticed Pikel
  4489 | D:5      | Killed Pikel
  4625 | D:5      | Noticed Menkaure
  4627 | D:5      | Found a sparkling altar of Nemelex Xobeh.
  4633 | D:5      | Killed Menkaure
  4633 | D:5      | Reached XP level 9. HP: 72/81 MP: 8/8
  4727 | D:5      | Noticed Grinder
  4758 | D:5      | Killed Grinder
  5023 | D:6      | Found an opulent altar of Gozag.
  5025 | D:6      | Noticed Tiamon's ghost (novice MiFi)
  5047 | D:6      | Killed Tiamon's ghost
  5618 | D:6      | Found a staircase to the Ecumenical Temple.
  5646 | Temple   | Entered the Ecumenical Temple
  5659 | Temple   | Became a worshipper of Yredelemnul the Dark
  5856 | D:7      | Reached XP level 10. HP: 90/91 MP: 9/9
  5977 | D:7      | Found a runed door.
  5979 | D:7      | Found a runed door.
  6194 | D:8      | Found an opulent altar of Gozag.
  6194 | D:8      | Found a sacrificial altar of Ru.
  6327 | D:8      | Noticed Maurice
  6332 | D:8      | Reached * piety under Yredelemnul
  6357 | D:9      | Found Zitay's Book Emporium.
  6770 | D:8      | Found a staircase to the Lair.
  6802 | D:8      | Killed Maurice
  6802 | D:8      | Reached skill level 10 in Shields
  6910 | D:8      | Reached skill level 10 in Armour
  6918 | D:8      | Reached skill level 10 in Fighting
  7339 | D:8      | Reached skill level 10 in Axes
  7371 | D:8      | Noticed a three-headed hydra
  7377 | D:8      | Killed a one-headed hydra
  7614 | D:9      | Reached XP level 11. HP: 82/101 MP: 7/10
  7701 | D:9      | Noticed a cyan ugly thing
  7719 | D:9      | Killed a cyan ugly thing
  7863 | D:9      | HP: 4/101 [something (9)]
  8142 | D:9      | Identified a scroll of acquirement
  8186 | D:9      | Found a staircase to the Orcish Mines.
  8209 | D:9      | Found Vikhlyle's Weapon Boutique.
  8217 | D:9      | Reached ** piety under Yredelemnul
  8238 | D:9      | Identified the Compendium of Aerial Evil
  8735 | D:9      | You fall through a shaft for 3 floors!
  8772 | D:11     | Noticed a purple ugly thing
  8787 | D:11     | Killed a purple ugly thing
  8875 | D:11     | Found a flagged portal.
  8879 | D:11     | Reached *** piety under Yredelemnul
  8976 | Bailey   | Entered a bailey
  8981 | Bailey   | Noticed an orc warlord
  9052 | Bailey   | Noticed an orc knight
  9072 | Bailey   | Killed an orc knight
  9092 | Bailey   | Found a runed gate.
  9094 | Bailey   | Found a runed gate.
  9098 | Bailey   | Gained mutation: You are partially covered in rugged brown scales. (AC +1, +3% HP) [potion of mutation]
  9098 | Bailey   | Gained mutation: Armour fits poorly on your strangely shaped body. [potion of mutation]
  9098 | Bailey   | Gained mutation: Your flesh is cold resistant. (rC+) [potion of mutation]
  9178 | Bailey   | Found a runed gate.
  9257 | Bailey   | Killed an orc warlord
  9275 | Bailey   | Identified the Guide on Attacks
  9287 | Bailey   | Got a fine pewter amulet
  9292 | Bailey   | Identified the amulet "Roan Nups" {Gourm *Drain rF- rN++ MR+} (You found it in a bailey)
  9296 | Bailey   | Got a smoking buckler
  9307 | Bailey   | Identified the +3 buckler of Aqapehuola {+Fly Dex+2} (You acquired it in a bailey)
  9515 | D:11     | Noticed a two-headed ogre
  9520 | D:11     | Killed a two-headed ogre
  9556 | D:11     | Reached XP level 12. HP: 104/115 MP: 8/11
  9589 | D:11     | Received a gift from Yredelemnul (a mummy)
 10162 | D:12     | Reached **** piety under Yredelemnul
 10357 | D:12     | Noticed a two-headed ogre
 10363 | D:12     | Killed a two-headed ogre
 10441 | D:12     | Noticed a two-headed ogre
 10448 | D:12     | Killed a two-headed ogre
 11036 | D:13     | Noticed a centaur warrior
 11045 | D:13     | Killed a centaur warrior
 11108 | D:13     | Noticed a centaur warrior
 11124 | D:13     | Killed a centaur warrior
 11216 | D:13     | Noticed a two-headed ogre
 11223 | D:13     | Killed a two-headed ogre
 11268 | D:13     | Noticed a six-headed hydra
 11280 | D:13     | Killed a one-headed hydra
 11411 | D:13     | Reached XP level 13. HP: 42/126 MP: 3/12
 11504 | D:13     | HP: 3/126 [deep elf mage/stone arrow (20)]
 11520 | D:13     | Killed from afar by a deep elf mage

Skill      XL: |  1  2  3  4  5  6  7  8  9 10 11 12 |
---------------+-------------------------------------+-----
Fighting       | 4 5 6 7 9 10 12 13 | 13.7
Axes           | 3 4 5 6 7 9 10 11 13 | 13.6
Armour         | 4 5 6 7 9 10 12 | 12.0
Shields        | 4 5 6 7 9 10 12 13 | 13.8

Action                   |  1- 3 |  4- 6 |  7- 9 | 10-12 | 13-15 || total
-------------------------+-------+-------+-------+-------+-------++-------
Melee: War axe           |   118 |   121 |   291 |   605 |    11 ||  1146
       Headbutt          |    11 |    28 |    63 |   169 |     2 ||   273
       Hand axe          |       |       |       |   156 |       ||   156
  Use: Scroll            |     7 |     2 |     4 |    17 |     1 ||    31
       Potion            |       |     1 |     1 |     5 |       ||     7
  Eat: Chunk             |     3 |     6 |     8 |    40 |     6 ||    63
       Ration            |       |       |       |     3 |       ||     3
Armor: Scale mail        |    12 |       |       |       |       ||    12
       Chain mail        |    66 |    58 |       |       |       ||   124
       Plate armour      |       |    32 |   176 |   322 |     3 ||   533
Dodge: Dodged            |    32 |    33 |    70 |   109 |     1 ||   245
Block: Shield            |    72 |   105 |   223 |   577 |     7 ||   984
       Reflection        |       |       |       |    40 |       ||    40
